 Dungeon Crawl Stone Soup version 0.28.0-45-g0d030f2227 (webtiles) character file.

Game seed: 4009434441406382480

75 Icepheonix32 the Skirmisher (level 4, 0/35 HPs)
             Began as a Demonspawn Fighter on Apr 6, 2022.
             Slain by a centaur (4 damage)
             ... on level 3 of the Dungeon.
             The game lasted 00:02:27 (2732 turns).

Icepheonix32 the Skirmisher (Demonspawn Fighter)    Turns: 2732, Time: 00:02:28

Health: 0/35       AC:  5    Str: 16    XL:     4   Next: 11%
Magic:  4/4        EV: 10    Int: 10    God:
Gold:   97         SH:  5    Dex: 18    Spells: 3/3 levels left

rFire   . . .      SeeInvis .   a - +0 long sword
rCold   . . .      Faith    .   c - +0 buckler
rNeg    . . .      Spirit   .   k - +0 ring mail
rPois   .          Reflect  .   (no helmet)
rElec   .          Harm     .   (no cloak)
rCorr   .          Rampage  .   (no gloves)
Will    .....                   (no boots)
Stlth   +++.......              (no amulet)
HPRegen 0.11/turn               (no ring)
MPRegen 0.09/turn               (no ring)

@: attractive
A: thin skeletal structure 2
a: no special abilities


You were on level 3 of the Dungeon.
You visited 1 branch of the dungeon, and saw 3 of its levels.

You collected 97 gold pieces.

Inventory:

Hand Weapons
 a - a +0 long sword (weapon)
 l - a +0 rapier
Missiles
 m - 6 javelins (quivered)
Armour
 b - a +0 scale mail
 c - a +0 buckler (worn)
 k - a +0 ring mail (worn)
Jewellery
 n - a ring of magical power
Scrolls
 f - a scroll of identify {unknown}
 h - a scroll of enchant weapon {unknown}
Potions
 d - a potion of might
 g - a potion of resistance {unknown}
 i - a potion of curing {unknown}
 j - a potion of invisibility {unknown}
 o - a potion of mutation {unknown}


   Skills:
 + Level 3.4 Fighting
 - Level 2.0 Long Blades
 + Level 3.4 Armour
 * Level 1.1 Dodging
 + Level 0.3 Stealth
 + Level 3.1 Shields


You had 3 spell levels left.
You didn't know any spells.
Your spell library contained the following spells:

 Spells                   Type           Power      Damage    Failure   Level
 Scorch                   Fire           0%         2d5       80%         2
 Dazzling Flash           Conj/Hex       0%         N/A       95%         3
 Flame Wave               Conj/Fire      0%         2d4       100%        4
 Agony                    Necr           0%         N/A       100%        5
 Silence                  Hex/Air        0%         N/A       100%        5
 Summon Cactus Giant      Summ           0%         N/A       100%        6


Dungeon Overview and Level Annotations

Branches:
Dungeon (3/15)

Altars:


Innate Abilities, Weirdness & Mutations

You have a moderately thin skeletal structure. (Dex +4, Stealth++)


Message History

The centaur closely misses you. You block the centaur's attack.
The centaur barely misses you. The centaur closely misses you.
You hit the centaur.
The centaur is heavily wounded.
The centaur misses you. x2; The centaur barely misses you.
The centaur kicks you.
You hit the centaur but do no damage.
The centaur is heavily wounded.
The centaur hits you but does no damage.
You block the centaur's attack. The centaur hits you.
The centaur barely misses you.
Unknown command.
You hit the centaur but do no damage.
The centaur is heavily wounded.
You block the centaur's attack.
The centaur kicks you but does no damage.
The centaur hits you.
The centaur kicks you but does no damage.
You hit the centaur.
The centaur is heavily wounded.
The centaur hits you but does no damage.
The centaur kicks you but does no damage.
The centaur completely misses you. The centaur kicks you.
You hit the centaur.
The centaur is severely wounded.
The centaur hits you.
* * * LOW HITPOINT WARNING * * *
The centaur kicks you but does no damage.
You block the centaur's attack.
The centaur kicks you but does no damage.
It was a potion of attraction.
You feel attractive to monsters.
The centaur hits you but does no damage.
The centaur kicks you but does no damage.
You hit the centaur.
The centaur is severely wounded.
The centaur hits you.
* * * LOW HITPOINT WARNING * * *
The centaur barely misses you. The centaur hits you.
You die...

#######.#######.####
#............>#
#.###.#.###.#.#
#.#.# #.# # # ...
#.# .### #.# #. #.#
. #.# .. #@# #c#


wB. ....> .###.## .. #. #. # # You could see a centaur, a dart slug and a giant
cockroach.

Vanquished Creatures
  An adder (D:3)
  A worm (D:3)
  2 dart slugs
  3 ball pythons
  7 endoplasms
  3 giant cockroaches (D:2)
  6 goblins
  2 hobgoblins
  2 jackals (D:2)
  7 kobolds
  4 quokkas
  6 bats
  5 frilled lizards
  8 rats
57 creatures vanquished.

Notes
Turn   | Place    | Note
-------+----------+-------------------------------------------
     0 | D:1      | Icepheonix32 the Demonspawn Fighter began the quest for the
                  | Orb.
     0 | D:1      | Reached XP level 1. HP: 18/18 MP: 1/1
   290 | D:1      | Gained mutation: You have a somewhat thin skeletal
                  | structure. (Dex +2, Stealth+) [demonic ancestry]
   290 | D:1      | Reached XP level 2. HP: 20/24 MP: 2/2
  1333 | D:2      | Gained mutation: You have a moderately thin skeletal
                  | structure. (Dex +4, Stealth++) [demonic ancestry]
  1333 | D:2      | Reached XP level 3. HP: 27/29 MP: 3/3
  2334 | D:3      | Reached skill level 1 in Dodging
  2345 | D:3      | Reached XP level 4. HP: 23/35 MP: 4/4
  2607 | D:3      | Found a faded altar of an unknown god.
  2711 | D:3      | Noticed a centaur
  2732 | D:3      | Slain by a centaur

Illustrated notes

Levels and vault maps discovered:
D:1:      saegor_arrival_fortress, layout_basic
D:2:      layout_basic
D:3:      layout_loops_ring, shapermc_ecumenical_altar_venn,
          minmay_misc_feat_rugged, uniq_jessica

Skill      XL: |  1  2  3 |
---------------+----------+-----
Long Blades    | 2 |  2.0
Armour         | 3 |  3.4
Shields        | 3 |  3.1
Dodging        | 1 |  1.1
Fighting       | |  3.4
Stealth        | |  0.3

Action                   |  1- 3 |  4- 6 || total
-------------------------+-------+-------++-------
Melee: Long sword        |   131 |    36 ||   167
Throw: Javelin           |     3 |       ||     3
  Use: Potion            |       |     1 ||     1
 Stab: Sleeping          |     5 |     3 ||     8
Armor: Scale mail        |    42 |       ||    42
       Ring mail         |     8 |    23 ||    31
Dodge: Dodged            |    46 |    33 ||    79
Block: Buckler           |    36 |    16 ||    52
